AoeStats
← CHACAL

Fortress

510187650Analyzed
2v2 RM · 3d ago on Sep 29, 2026· 78m 23s· 4 players
Game mode
Random Map
Map size
Normal (6 player)
Population
200
Speed
Normal
Resources
Standard
Victory
Conquest
Starting age
Dark Age
Ending age
Imperial Age
RankedLock teamsTeams togetherTeam positionsShared explorationLock speedFull tech treeHidden civsTurbo modeCheats
Victory
Defeat
🇬🇧 Franks · United Kingdom
931
+15
🇬🇧 Cumans · United Kingdom
922
+15
🇺🇸 Varangians · United States
1103
-23
🇺🇸 Burgundians · United States
699
-7
CHACAL
2:06 Horse Collar
4:56 Double-Bit Axe
6:54 Wheelbarrow
9:29 Feudal Age
11:49 Heavy Plow
12:26 Bow Saw
14:54 Hand Cart
16:47 Castle Age
15:13 Hand Cart
21:18 Gold Mining
25:00 Gold Shaft Mining
30:13 Imperial Age
28:04 Forging
27:59 Scale Barding Armor
32:10 Chemistry
31:18 Siphons
31:34 Ballistics
36:05 Arrowslits
71:04 Crop Rotation
xapyen
7:28 Feudal Age
8:42 Double-Bit Axe
11:59 Castle Age
10:29 Horse Collar
12:54 Bow Saw
13:33 Wheelbarrow
19:39 Hand Cart
19:10 Town Watch
20:00 Loom
22:11 Vendel Legacy
24:48 Heavy Plow
24:53 Town Patrol
32:40 Imperial Age
32:54 Scale Mail Armor
33:04 Forging
33:01 Scale Barding Armor
32:47 Fletching
32:56 Arson
33:12 Squires
32:57 Gambesons
37:38 Two-Man Saw
40:35 Crop Rotation
41:36 Elite Jarl
42:34 Elite Varangian Guard
43:58 Chain Mail Armor
44:19 Iron Casting
43:11 Gothikon
46:09 Chain Barding Armor
46:01 Gold Mining
48:32 Conscription
56:32 Plate Mail Armor
57:02 Blast Furnace
59:50 Pikeman
61:28 Halberdier
66:33 Light Cavalry
67:23 Bloodlines
67:14 Husbandry
68:22 Plate Barding Armor
pls let me win
3:58 Loom
8:05 Feudal Age
9:23 Double-Bit Axe
10:42 Wheelbarrow
10:22 Gold Mining
15:46 Castle Age
15:02 Town Watch
15:29 Scale Barding Armor
15:45 Forging
16:39 Husbandry
17:50 Chain Barding Armor
19:54 Gold Shaft Mining
20:13 Bow Saw
24:29 Iron Casting
27:38 Stone Mining
34:35 Ballistics
33:56 Treadmill Crane
39:38 Imperial Age
37:24 Hand Cart
37:10 Light Cavalry
41:18 Conscription
41:59 Chivalry
43:25 Plate Barding Armor
43:51 Blast Furnace
44:13 Cavalier
48:07 Town Patrol
50:54 Hoardings
49:41 Elite Throwing Axeman
50:29 Scale Mail Armor
50:19 Fletching
54:49 Paladin
56:17 Bodkin Arrow
57:02 Murder Holes
57:15 Siege Engineers
58:52 Chemistry
58:05 Masonry
60:10 Caravan
62:09 Chain Mail Armor
76:25 Architecture
Xeph
8:33 Feudal Age
9:19 Loom
10:16 Double-Bit Axe
13:14 Forging
13:44 Scale Mail Armor
14:11 Horse Collar
15:22 Wheelbarrow
20:21 Castle Age
21:57 Capped Ram
23:01 Bow Saw
24:01 Bloodlines
26:40 Hand Cart
26:15 Town Watch
27:33 Scale Barding Armor
32:22 Imperial Age
35:20 Ballistics
36:23 Conscription
36:42 Chain Barding Armor
39:45 Iron Casting
39:17 Stone Mining
39:18 Gold Mining
47:57 Blast Furnace
47:12 Chain Mail Armor
53:22 Man-at-Arms
57:32 Plate Barding Armor
61:01 Thumb Ring
65:00 Elite Skirmisher
67:29 Caravan
69:25 Fletching
69:36 Padded Archer Armor
71:02 Leather Archer Armor
70:45 Bodkin Arrow
72:58 Hoardings
77:01 Leather Archer Armor
77:35 Long Swordsman
Connection lost

Rejoining the realm…

Still unreachable

The connection could not be restored.

Session expired

The server has moved on; the page needs a fresh start.